 Dungeon Crawl Stone Soup version 0.29-a0-321-gf1c400731a (webtiles) character file.

Game seed: 3251710229953989240

1538 zishaf the Covert (level 8, -4/44 HPs)
             Began as a Vine Stalker Brigand on Apr 4, 2022.
             Shot with an arrow by a centaur (14 damage)
             ... on level 7 of the Dungeon.
             The game lasted 00:11:43 (4708 turns).

zishaf the Covert (Vine Stalker Brigand)            Turns: 4708, Time: 00:11:44

Health: -4/44      AC: 12    Str: 20    XL:     8   Next: 86%
Magic:  0/9        EV: 12    Int: 11    God:
Gold:   365        SH:  0    Dex: 16    Spells: 7/7 levels left

rFire   . . .      SeeInvis .   a - +2 short sword (venom)
rCold   . . .      Faith    .   (no shield)
rNeg    . . .      Spirit   +   w - +0 steam dragon scales
rPois   .          Reflect  .   v - +2 helmet
rElec   .          Harm     .   c - +1 cloak
rCorr   +          Rampage  +   f - +0 pair of gloves of Grace {Rampage Drain rCorr Str+4}
Will    +....                   A - +0 pair of boots
Stlth   ++++......              (no amulet)
HPRegen 0.94/turn               i - +4 ring of slaying
MPRegen 0.11/turn               (no ring)

@: no status effects
A: fangs 3, regeneration 1, magic shield, antimagic bite, no potion heal 2
a: no special abilities


You were on level 7 of the Dungeon.
You visited 2 branches of the dungeon, and saw 8 of its levels.

You collected 365 gold pieces.

Inventory:

Hand Weapons
 a - a +2 short sword of venom (weapon)
 b - a +0 hunting sling
 y - a +2 dagger of protection
Missiles
 d - 23 poisoned darts
 e - 8 curare-tipped darts (quivered)
Armour
 c - a +1 cloak (worn)
 f - the +0 pair of gloves of Grace (worn) {Rampage Drain rCorr Str+4}
   (You acquired it on level 5 of the Dungeon)

   Str:       It affects your strength (+4).
   rCorr:     It protects you from acid and corrosion.
   Drain:     It drains your maximum health when unequipped.
   Rampage:   It bestows one free step when moving towards enemies.
 v - a +2 helmet (worn)
 w - +0 steam dragon scales (worn)
 A - a +0 pair of boots (worn)
Jewellery
 i - a +4 ring of slaying (left hand)
Scrolls
 g - a scroll of identify
 h - 2 scrolls of enchant armour
 m - a scroll of fear {unknown}
 q - a scroll of blinking
 s - a scroll of noise {unknown}
 t - 2 scrolls of enchant weapon {unknown}
 u - 3 scrolls of teleportation
 x - a scroll of magic mapping
 z - a scroll of immolation {unknown}
Potions
 j - 3 potions of curing
 k - 3 potions of might
 l - 4 potions of resistance
 n - a potion of berserk rage {unknown}
 o - a potion of haste {unknown}
 p - a potion of mutation
 r - 2 potions of attraction {unknown}


   Skills:
 * Level 5.8 Fighting
 * Level 5.8 Short Blades
 - Level 1.7 Throwing
 + Level 1.1 Armour
 + Level 1.7 Dodging
 - Level 9.0 Stealth


You had 7 spell levels left.
You didn't know any spells.
Your spell library contained the following spells:

 Spells                   Type           Power      Damage    Failure   Level
 Apportation              Tloc           0%         N/A       34%         1
 Corpse Rot               Necr/Air       0%         N/A       47%         2
 Poisonous Vapours        Pois/Air       0%         N/A       47%         2
 Dispel Undead            Necr           0%         3d6       98%         4
 Alistair's Intoxication  Tmut/Pois      0%         N/A       100%        5
 Death Channel            Necr           0%         N/A       100%        6


Dungeon Overview and Level Annotations

Branches:
Dungeon (7/15)             Temple (1/1) D:6

Altars:
Ashenzari
Cheibriados
Dithmenos
Elyvilon
Hepliaklqana
Makhleb
Okawaru
Qazlal
Ru
Trog
Vehumet
Wu Jian
Xom
Yredelemnul
Zin
The Shining One

Shops:
D:5 =

Annotations:
D:6 1 runed translucent door, hellse's ghost, amateur DsDe


Innate Abilities, Weirdness & Mutations

You have razor-sharp teeth.
Your natural rate of healing is unusually fast.
When hurt, damage is shared between your health and your magic reserves.
Your bite disrupts and absorbs the magic of your enemies.
Potions cannot restore your health.


Message History

You barely miss the orc. Your bite misses the orc.
An orc comes into view. It is wielding a +0 flail.
You hit the orc.
The orc is poisoned.
You bite the orc.
You kill the orc!
You rampage towards the orc priest!
You closely miss the orc priest.
The orc priest hits you with a +0 flail.
You closely miss the orc priest. The bullfrog misses you.
A centaur comes into view.
The orc priest misses you.
You barely miss the orc priest.
The bullfrog hits you but does no damage.
The orc priest closely misses you. The bullfrog hits you.
The centaur shouts!
You puncture the orc priest!
The orc priest looks as sick as possible!
You bite the orc priest. You drain its power.
You feel invigorated.
The orc priest is almost dead.
The bullfrog closely misses you.
A hound comes into view.
The orc priest calls down the wrath of Beogh upon you.
Beogh smites you!
Unknown command.
You kill the orc priest!
The orc attacks as you move away! The orc misses you.
The bullfrog attacks as you move away! The bullfrog barely misses you.
The centaur wields a +0 shortbow of freezing.
It is covered in frost.
The centaur shoots an arrow.
The arrow hits you but does no damage.
The bullfrog hits you but does no damage.
The hound barks!
You hear a shout!
The bullfrog attacks as you move away! The bullfrog hits you.
The centaur shoots an arrow.
The arrow hits you. The arrow freezes you.
The centaur shoots an arrow.
The arrow hits you. The arrow freezes you. The bullfrog misses you.
The centaur shoots an arrow.
The arrow hits you!
* * * LOW HITPOINT WARNING * * *
The arrow freezes you.
* * * LOW HITPOINT WARNING * * *
The centaur shoots an arrow.
The arrow hits you!
You die...

..#. ... # .#.#.
#..#...# .#
.....##.!. ..###.#
._......##......
....##........# ## #
#..#.....c..#...
)##.##.....)#....<..
..........)h)).##
.#...@F.o.....#
##.#.#.#.###.# #
#.#.#.# .. #.#...#†#
.# #.....††# #
#########


You could see a bullfrog, a centaur, a hound and an orc.

Vanquished Creatures
  Grinder (D:4)
  A steam dragon (D:5)
  A water moccasin (D:6)
  An ice beast (D:6)
  3 ogres
  A necrophage (D:4)
  6 killer bees (D:7)
  A jelly (D:6)
  A hound (D:6)
  3 orc priests
  4 iguanas
  An orc wizard (D:2)
  Robin (D:2)
  2 adders (D:2)
  A shadow imp (D:6)
  A white imp (D:6)
  An ufetubus (D:5)
  4 worms
  A dart slug (D:1)
  23 orcs
  6 endoplasms
  2 giant cockroaches
  12 goblins
  8 hobgoblins
  6 jackals
  8 kobolds
  2 quokkas
  3 ball pythons
  5 bats
  5 frilled lizards
  6 rats
121 creatures vanquished.

Notes
Turn   | Place    | Note
-------+----------+-------------------------------------------
     0 | D:1      | zishaf the Vine Stalker Brigand began the quest for the
                  | Orb.
     0 | D:1      | Reached XP level 1. HP: 11/11 MP: 2/2
   117 | D:1      | Reached skill level 5 in Stealth
   126 | D:1      | Reached XP level 2. HP: 2/15 MP: 3/3
   614 | D:1      | Found a faded altar of an unknown god.
   622 | D:1      | Reached XP level 3. HP: 13/18 MP: 4/4
  1322 | D:2      | Noticed Robin
  1568 | D:2      | Killed Robin
  1569 | D:2      | Gained mutation: Your natural rate of healing is unusually
                  | fast. [Vine Stalker growth]
  1569 | D:2      | Reached XP level 4. HP: 20/23 MP: 5/5
  1784 | D:2      | Reached skill level 6 in Stealth
  1784 | D:2      | Reached XP level 5. HP: 28/28 MP: 4/6
  2419 | D:3      | Found a stormy altar of Qazlal.
  2892 | D:4      | Reached XP level 6. HP: 28/32 MP: 7/7
  2914 | D:4      | Found a snail-covered altar of Cheibriados.
  2940 | D:4      | Found a glowing golden altar of the Shining One.
  3289 | D:4      | Noticed Grinder
  3304 | D:4      | Killed Grinder
  3305 | D:4      | Reached skill level 7 in Stealth
  3305 | D:4      | Reached XP level 7. HP: 33/37 MP: 8/8
  3386 | D:5      | Entered Level 5 of the Dungeon
  3386 | D:5      | Found Jitaxakk's Jewellery Emporium.
  3425 | D:5      | Identified a scroll of acquirement
  3425 | D:5      | Acquired the +0 pair of gloves of Grace {Rampage Drain
                  | rCorr Str+4}
  3689 | D:5      | Noticed a steam dragon
  3695 | D:5      | Killed a steam dragon
  3822 | D:5      | Found a burning altar of Makhleb.
  3876 | D:6      | Found a staircase to the Ecumenical Temple.
  3882 | D:6      | Reached skill level 8 in Stealth
  3888 | Temple   | Entered the Ecumenical Temple
  4147 | D:6      | Reached skill level 5 in Fighting
  4147 | D:6      | Reached skill level 5 in Short Blades
  4147 | D:6      | Gained mutation: You have razor-sharp teeth. [Vine Stalker
                  | growth]
  4147 | D:6      | Reached XP level 8. HP: 42/43 MP: 9/9
  4374 | D:6      | Found a runed translucent door.
  4375 | D:6      | Found a shimmering altar of Xom.
  4375 | D:6      | Noticed hellse's ghost (amateur DsDe)
  4375 | D:6      | Noticed a +5 war axe of chaos
  4403 | D:6      | Found an iron altar of Okawaru.
  4500 | D:6      | Reached skill level 1 in Dodging
  4673 | D:7      | Found a glowing silver altar of Zin.
  4677 | D:7      | Reached skill level 9 in Stealth
  4680 | D:7      | Reached skill level 1 in Armour
  4708 | D:7      | Shot with an arrow by a centaur

Illustrated notes

Levels and vault maps discovered:
D:1:      co_arrival_random_square_maze, layout_rooms,
          hellmonk_ecumenical_altar_crossroads, minivault_27
D:2:      layout_loops_ring, uniq_robin
D:3:      layout_rooms, nicolae_qazlal_general_emergency
D:4:      layout_gridville, mainiacjoe_overflow_boulevard, lemuel_crystal_altar,
          uniq_grinder
D:5:      layout_cave_pools, kennysheep_mini, serial_shops,
          nicolae_stop_n_shop_2
D:6:      layout_basic, kennysheep_little_box, temple_statues, serial_curves,
          eino_curves_04, eino_curves_04, ebering_ghost_xom
D:7:      layout_basic, mainiacjoe_overflow_small_starburst,
          mainiacjoe_overflow_catwalk, led_sif_book
Temple:   jpeg_temple_island

Skill      XL: |  1  2  3  4  5  6  7  8 |
---------------+-------------------------+-----
Stealth        | 5 6 7 8 9 |  9.0
Fighting       | 2 3 4 5 |  5.8
Short Blades   | 2 3 4 5 |  5.8
Dodging        | 1 |  1.7
Armour         | 1 |  1.1
Throwing       | |  1.7

Action                   |  1- 3 |  4- 6 |  7- 9 || total
-------------------------+-------+-------+-------++-------
Melee: Dagger            |   103 |   224 |    26 ||   353
       Bite              |    19 |    76 |    18 ||   113
       Punch             |       |     1 |     1 ||     2
       Short sword       |       |       |    43 ||    43
Throw: Dart              |       |     2 |     2 ||     4
  Use: Potion            |       |     1 |       ||     1
       Scroll            |       |     6 |     5 ||    11
 Stab: Sleeping          |     6 |    11 |    12 ||    29
       Distracted        |     1 |       |       ||     1
Armor: Robe              |    32 |    57 |     5 ||    94
       Steam dragon scal |       |       |    19 ||    19
Dodge: Dodged            |    41 |    85 |    37 ||   163

Table legend: (Time is in decaauts)
 A = Elapsed time spent in this place.
 B = Non-inter-level travel time spent in this place.
 C = Inter-level travel time spent in this place.
 D = Time resting spent in this place.
 E = Time spent auto-exploring this place.
 F = Levels seen in this place.
 G = Mean time per level.
                   A        B        C        D        E       F      G
               +--------+--------+--------+--------+--------+-----+--------+
         Total |   4691 |   4494 |    197 |    594 |   2677 |   8 |  586.4 |
       Dungeon |   4436 |   4256 |    180 |    594 |   2447 |   7 |  633.7 |
        Temple |    255 |    238 |     17 |      0 |    230 |   1 |  255.0 |
               +--------+--------+--------+--------+--------+-----+--------+

Top non-repeatable levels by time:
     D:1: 1199 daAuts
     D:2: 1087 daAuts
     D:6: 577 daAuts
     D:3: 538 daAuts
     D:4: 526 daAuts
     D:5: 475 daAuts
  Temple: 255 daAuts
     D:7: 30 daAuts
